 Dungeon Crawl Stone Soup version 0.28.0-43-g3370ac3207 (webtiles) character file.

Game seed: 9293516033564621422

18 CrazyMind the Shield-Bearer (level 2, 13/28 HPs)
             Began as a Deep Dwarf Fighter on Feb 28, 2022.
             Was a Follower of Zin.
             Quit the game on level 1 of the Dungeon.
             The game lasted 00:03:38 (287 turns).

CrazyMind the Shield-Bearer (Deep Dwarf Fighter)     Turns: 287, Time: 00:03:39

Health: 13/28      AC:  6    Str: 19    XL:     2   Next: 48%
Magic:  2/2        EV:  9    Int:  8    God:    Zin [*.....]
Gold:   26         SH:  4    Dex: 12    Spells: 1/1 levels left

rFire   . . .      SeeInvis .   a - +0 war axe
rCold   . . .      Faith    .   c - +0 buckler
rNeg    . . .      Spirit   .   b - +0 scale mail
rPois   .          Reflect  .   (no helmet)
rElec   .          Harm     .   (no cloak)
rCorr   .          Rampage  .   (no gloves)
Will    .....                   (no boots)
Stlth   ..........              (no amulet)
HPRegen 0.00/turn               (no ring)
MPRegen 0.08/turn               (no ring)

@: no status effects
A: damage resistance, heal wounds, sense surroundings 1, no regeneration
a: Heal Wounds, Renounce Religion, Recite, Donate Gold


You were on level 1 of the Dungeon.
You worshipped Zin.
Zin was aware of your devotion.
You visited 1 branch of the dungeon, and saw 1 of its levels.

You collected 28 gold pieces.
You donated 2 gold pieces to Zin.

Inventory:

Hand Weapons
 a - a +0 war axe (weapon)
Missiles
 e - 12 stones (quivered)
Armour
 b - a +0 scale mail (worn)
 c - a +0 buckler (worn)
Scrolls
 f - a scroll of brand weapon {unknown}
Potions
 d - a potion of might
 g - a potion of curing {unknown}


   Skills:
 + Level 3.0 Fighting
 + Level 2.4 Axes
 + Level 3.5 Armour
 + Level 3.5 Shields


You had one spell level left.
You didn't know any spells.
Your spell library was empty.

Dungeon Overview and Level Annotations

Branches:
Dungeon (1/15)

Altars:
Zin


Innate Abilities, Weirdness & Mutations

You are resistant to damage.
You can heal yourself by infusing magical energy.
You passively map a small area around you.
You do not regenerate.


Message History

The bat hits you but does no damage.
You closely miss the bat. The bat completely misses you.
The bat hits you but does no damage.
You barely miss the bat. The bat hits you but does no damage.
The bat closely misses you.
You closely miss the bat. You block the bat's attack.
The bat closely misses you. You block the bat's attack. The bat hits you.
The great orb of eyes pulsates ominously.
The golden eye turns its gaze towards you. x2
You block the bat's attack.
You see here 2 stones.
The bat hits you but does no damage.
You barely miss the bat. You block the bat's attack. The bat barely misses you.
The bat hits you.
You see here 2 stones.
The bat completely misses you.
You closely miss the bat. The bat hits you.
The bat hits you but does no damage. The bat closely misses you.
You slash the bat!
You kill the bat!
e - 12 stones (gained 2)
There is a faded altar of an unknown god here.
You cannot tell which god this altar belongs to.
Convert to them anyway?
Okay, then.
You cannot tell which god this altar belongs to.
Convert to them anyway?
Uppercase [Y]es or [N]o only, please.
You cannot tell which god this altar belongs to.
Convert to them anyway?
Zin accepts your prayer! Zin welcomes you!
You pay a tithe of 2 gold.
You can now donate money to Zin.
You can now recite Zin's Axioms of Law.
Unknown command.
Press < or > to pray at altars.
Unknown command.
Press < or > to pray at altars.
Unknown command.
Press < or > to pray at altars.
Okay, then.
Are you sure you want to abandon this character and quit the game? (Confirm with "yes".)

#......# ##.....###*###*
## #.......##..., .#*
#.#.........,, , ...*
#.#.###...### , #.
###...#G#...#G# .,
#..###.....###...###...
# #.....#.#.............
.....#.##.#.....@.......
######..#.#.............
*
.....##.#.#.###...###...
......#...#.#G#...#G#,,.
.......##...###...###, *
....................
.......###.....######
.......# ###### .......#


You could see 2 great orbs of eyes and 2 golden eyes.

Vanquished Creatures
  2 bats (D:1)
  An endoplasm (D:1)
  5 goblins (D:1)
  A hobgoblin (D:1)
  2 kobolds (D:1)
  A quokka (D:1)
  2 ball pythons (D:1)
  A rat (D:1)
15 creatures vanquished.

Vanquished Creatures (others)
  A plant (D:1)
1 creature vanquished.

Grand Total: 16 creatures vanquished

Notes
Turn   | Place    | Note
-------+----------+-------------------------------------------
     0 | D:1      | CrazyMind the Deep Dwarf Fighter began the quest for the
                  | Orb.
     0 | D:1      | Reached XP level 1. HP: 20/20 MP: 1/1
   113 | D:1      | Reached XP level 2. HP: 17/27 MP: 2/2
   261 | D:1      | Found a faded altar of an unknown god.
   262 | D:1      | Noticed a great orb of eyes
   271 | D:1      | Noticed a golden eye
   271 | D:1      | Noticed a golden eye
   271 | D:1      | Noticed a great orb of eyes
   286 | D:1      | Prayed at the altar of an unknown god.
   286 | D:1      | Became a worshipper of Zin the Law-Giver
   286 | D:1      | Reached * piety under Zin
   287 | D:1      | Quit the game

Illustrated notes

Levels and vault maps discovered:
D:1:      dpeg_arrival_round_b, layout_rooms, serial_forest,
          infiniplex_forest_clump_diagonal, infiniplex_forest_lined_room_2,
          infiniplex_forest_end_3, infiniplex_forest_clump_small,
          infiniplex_forest_zigzag_1, infiniplex_forest_zigzag_1,
          infiniplex_forest_lined_1, infiniplex_forest_corner_1,
          hellmonk_ecumenical_altar_watching_god, nrook_mini_backslash

Skill      XL: |  1  2 |
---------------+-------+-----
Fighting       | 3 |  3.0
Axes           | |  2.4
Armour         | |  3.5
Shields        | |  3.5

Action                   || total
-------------------------++-------
Melee: War axe           ||    30
Throw: Stone             ||    38
Armor: Scale mail        ||    11
Dodge: Dodged            ||    16
Block: Buckler           ||     9
